 Dungeon Crawl Stone Soup version 0.31-a0-360-gb3e1d13bf4 (webtiles) character file.

Game seed: 18301769820113395903

62 Newt the Ruffian (level 3, 0/31 HPs)
             Began as a Draconian Shapeshifter on July 26, 2023.
             Slain by a gnoll
             ... wielding a +0 flail
              (4 damage)
             ... on level 1 of the Dungeon.
             The game lasted 00:01:29 (1067 turns).

Newt the Ruffian (Draconian Shapeshifter)           Turns: 1067, Time: 00:01:29

Health: 0/31       AC:  5    Str: 19    XL:     3   Next: 85%
Magic:  3/3        EV: 12    Int:  8    God:
Gold:   135        SH:  0    Dex: 11    Spells: 2/2 levels left

rFire   . . .        e - +2 dagger (elec)
rCold   . . .        (no shield)
rNeg    . . .        (body armour unavailable)
rPois   .            (helmet currently unavailable)
rElec   .            (cloak currently unavailable)
rCorr   .            (gloves currently unavailable)
SInv    .            (boots currently unavailable)
Will    .....        (no amulet)
Stlth   +            (no ring)
HPRegen 0.25/turn    (no ring)
MPRegen 0.08/turn

%: no passive effects
@: beast-form
A: beast (slay +2), AC +5, unfitting armour, cold-blooded
a: Begin Untransformation


You were on level 1 of the Dungeon.
You were a hulking beast.
You visited 1 branch of the dungeon, and saw 2 of its levels.

You collected 135 gold pieces.

Inventory:

Hand Weapons
 e - a +2 dagger of electrocution (weapon)
Talismans
 b - a beast talisman
Scrolls
 c - a scroll of blinking
Potions
 a - a potion of lignification
 d - a potion of experience {unknown}
 f - a potion of might {unknown}


   Skills:
 - Level 3.0 Fighting
 - Level 3.0 Dodging
 - Level 3.0 Unarmed Combat
 + Level 3.0 Shapeshifting


You had 2 spell levels left.
You didn't know any spells.
Your spell library contained the following spells:

 Spells                   Type           Power      Damage    Failure   Level
 Lesser Beckoning         Tloc           0%         N/A       54%         2
 Gell's Gravitas          Tloc           0%         N/A       78%         3
 Teleport Other           Tloc           0%         N/A       78%         3


Dungeon Overview and Level Annotations

Branches:
Dungeon (2/15)

Altars:
Dithmenos


Innate Abilities, Weirdness & Mutations

You are a hulking beast.
Your limbs bulge with bestial killing power. (Slay +2)
Your plain brown scales are hard. (AC +5)
You cannot fit into any form of body armour.
You are cold-blooded and may be slowed by cold attacks.


Message History

You kill the gnoll!
The gnoll hits you with a +0 flail!
Training target 3.0 for Dodging reached!
Your Dodging skill increases to level 3!
You need to enable at least one skill for training.
Unknown command.
The gnoll barely misses you. The gnoll attacks as you move away!
The gnoll hits you with a +0 flail!
Unknown command.
You barely miss the goblin. The goblin barely misses you.
Unknown command.
You hit the goblin. Lightning courses through the goblin!!
You kill the goblin!
The gnoll hits you from afar with a +0 halberd!
* * * LOW HITPOINT WARNING * * *
Unknown command.
You see here a +0 war axe.
Found a stone staircase leading up.
Okay, then.
There is a stone staircase leading up here.
The gnoll hits you with a +0 flail!
* * * LOW HITPOINT WARNING * * *
The gnoll hits you from afar with a +0 halberd.
* * * LOW HITPOINT WARNING * * *
You climb upwards.
There is a stone staircase leading down here.
Unknown command.
You hit the gnoll. You tail-slap the gnoll.
The gnoll is heavily wounded.
The gnoll closely misses you.
You barely miss the gnoll. You tail-slap the gnoll.
The gnoll is severely wounded.
The gnoll barely misses you.
You barely miss the gnoll. You tail-slap the gnoll.
The gnoll is almost dead.
The gnoll barely misses you.
You closely miss the gnoll.
Your tail-slap misses the gnoll.
The gnoll is almost dead.
The gnoll hits you with a +0 flail.
You die...

#########....#....########...
#...).###......##.#..........
#.........####...............
#......#### #..............#
#.....## #..............#
#.....## #..............#
#......### #..............#
#####....#####..............#
#......gh#..............#
#......#.#..............#
#.....##.#..............#
####.....#..............#
####.###.#...............
#........#...............
#####.......................#
#..............#####....#####
#.....##.#####....##....#


You could see a gnoll.

Vanquished Creatures
  2 gnolls (D:2)
  A dart slug (D:2)
  4 endoplasms (D:1)
  7 goblins
  3 hobgoblins
  4 jackals (D:1)
  3 quokkas
  5 ball pythons
  4 bats (D:1)
  3 frilled lizards (D:1)
  A kobold (D:1)
  2 rats (D:1)
39 creatures vanquished.

Notes
Turn   | Place    | Note
-------+----------+-------------------------------------------
     0 | D:1      | Newt the Draconian Shapeshifter began the quest for the
                  | Orb.
     0 | D:1      | Reached XP level 1. HP: 16/16 MP: 1/1
    69 | D:1      | Reached XP level 2. HP: 24/25 MP: 2/2
   556 | D:1      | Reached XP level 3. HP: 31/31 MP: 3/3
   958 | D:2      | Found a shadowy altar of Dithmenos.
  1067 | D:1      | Slain by a gnoll

Illustrated notes

Levels and vault maps discovered:
D:1:      ebering_trefoil_3fold, layout_basic, minmay_domino_2
D:2:      layout_loops_cross, basic_altar

Skill      XL: |  1  2  3 |
---------------+----------+-----
Fighting       | 2 3 |  3.0
Dodging        | 2 3 |  3.0
Unarmed Combat | |  3.0
Shapeshifting  | |  3.0

Action                     || total
---------------------------++-------
  Melee: Unarmed           ||    47
         Dagger            ||    40
         Tailslap          ||    11
         Punch             ||     1
    Use: Scroll            ||     2
 Armour: Skin              ||    19
  Dodge: Dodged            ||    66

Table legend: (Time is in decaauts)
 A = Elapsed time spent in this place.
 B = Non-inter-level travel time spent in this place.
 C = Inter-level travel time spent in this place.
 D = Time resting spent in this place.
 E = Time spent auto-exploring this place.
 F = Levels seen in this place.
 G = Mean time per level.
                   A        B        C        D        E       F      G
               +--------+--------+--------+--------+--------+-----+--------+
         Total |   1069 |   1057 |     12 |      0 |    785 |   2 |  534.5 |
       Dungeon |   1069 |   1057 |     12 |      0 |    785 |   2 |  534.5 |
               +--------+--------+--------+--------+--------+-----+--------+

Top non-repeatable levels by time:
     D:1: 775 daAuts
     D:2: 293 daAuts
